AoeStats
← Eladoking123

Black Forest

509569211Analyzed
4v4 RM · 4d ago on Sep 27, 2026· 49m 52s· 8 players
Game mode
Random Map
Map size
Large (8 player)
Population
200
Speed
Normal
Resources
Standard
Victory
Conquest
Starting age
Dark Age
Ending age
Imperial Age
RankedLock teamsTeams togetherTeam positionsShared explorationLock speedFull tech treeHidden civsTurbo modeCheats
Victory
Defeat
🇩🇪 Varangians · Germany
866
+15
🇦🇷 Bohemians · Argentina
837
+16
🇦🇷 Gurjaras · Argentina
837
+16
🇦🇷 Romans · Argentina
832
+16
🇨🇭 Portuguese · Switzerland
842
-37
🇻🇳 Persians · Vietnam
836
-16
🇵🇰 Slavs · Pakistan
834
-16
🇳🇿 Britons · New Zealand
818
-15
bmacedo1987
9:33 Loom
12:41 Feudal Age
18:31 Castle Age
16:31 Horse Collar
17:37 Double-Bit Axe
20:40 Wheelbarrow
25:04 Scale Mail Armor
25:14 Forging
25:03 Pikeman
25:33 Fishing Lines
27:01 Padded Archer Armor
28:55 Yeomen
31:36 Leather Archer Armor
31:11 Fletching
31:58 Iron Casting
31:38 Chain Mail Armor
33:54 Bodkin Arrow
34:16 Chain Mail Armor
34:49 Caravan
35:17 Gold Mining
35:40 Bow Saw
35:36 Heavy Plow
39:24 Imperial Age
38:37 Elite Skirmisher
40:04 Hand Cart
41:49 Ring Archer Armor
41:20 Bracer
41:14 Halberdier
45:44 Plate Mail Armor
46:15 Blast Furnace
Hitsch
11:20 Feudal Age
17:42 Castle Age
15:47 Fishing Lines
16:31 Horse Collar
16:55 Double-Bit Axe
24:39 Loom
27:35 Pikeman
34:24 Scale Mail Armor
35:41 Wheelbarrow
34:53 Town Watch
46:55 Hand Cart
46:59 Gillnets
48:27 Gold Mining
Juicee
2:17 Loom
13:36 Feudal Age
14:06 Double-Bit Axe
14:06 Horse Collar
19:39 Forging
19:33 Scale Mail Armor
19:24 Fletching
21:54 Castle Age
20:07 Man-at-Arms
23:37 Iron Casting
23:17 Chain Mail Armor
24:22 Gold Mining
24:19 Long Swordsman
25:49 Bodkin Arrow
29:46 Scale Barding Armor
31:33 Wheelbarrow
30:44 Town Watch
31:34 Squires
31:42 Stone Mining
32:28 Gold Shaft Mining
32:03 Murder Holes
32:20 Masonry
33:52 Chain Barding Armor
34:21 Bow Saw
35:43 Heavy Plow
36:47 Ballistics
38:43 Hand Cart
41:15 Imperial Age
39:34 Padded Archer Armor
40:30 Detinets
44:18 Blast Furnace
43:54 Plate Barding Armor
43:23 Town Patrol
44:30 Chemistry
43:36 Siege Engineers
43:04 Elite Boyar
44:07 Conscription
46:07 Conscription
Phước 8 Ngón
0:29 Loom
11:16 Feudal Age
21:29 Castle Age
20:11 Double-Bit Axe
20:15 Horse Collar
21:37 Wheelbarrow
20:48 Town Watch
25:11 Hand Cart
24:56 Town Patrol
24:54 Gold Mining
24:54 Stone Mining
24:53 Pikeman
27:39 Heavy Plow
27:55 Bow Saw
29:50 Stone Shaft Mining
29:50 Gold Shaft Mining
34:41 Imperial Age
34:04 Caravan
34:35 Coinage
34:45 Scale Mail Armor
35:15 Guilds
34:56 Capped Ram
35:35 Murder Holes
36:50 Elite War Elephant
37:50 Conscription
38:48 Crop Rotation
39:22 Two-Man Saw
39:05 Forging
39:10 Chain Mail Armor
39:16 Chain Mail Armor
39:51 Banking
46:49 Halberdier
47:30 Squires
47:16 Gambesons
47:16 Arson
Mepheisto
0:56 Loom
11:58 Feudal Age
16:15 Castle Age
15:19 Double-Bit Axe
17:16 Horse Collar
18:07 Bow Saw
20:00 Town Watch
23:12 Wheelbarrow
28:15 Scale Barding Armor
28:21 Forging
28:27 Husbandry
30:30 Gold Mining
32:24 Bloodlines
36:20 Imperial Age
34:07 Stone Mining
35:14 Chain Barding Armor
38:14 Conscription
38:39 Plate Barding Armor
38:56 Town Patrol
39:16 Hand Cart
39:08 Scale Mail Armor
39:30 Squires
39:17 Gambesons
40:16 Iron Casting
40:26 Arson
40:08 Elite Varangian Guard
41:49 Chain Mail Armor
42:35 Blast Furnace
42:28 Pikeman
43:42 Plate Mail Armor
43:36 Heavy Plow
43:58 Fortified Wall
44:03 Halberdier
46:08 Two-Man Saw
45:41 Crop Rotation
46:50 Elite Jarl
47:55 Caravan
47:48 Gothikon
50:50 Stone Shaft Mining
𒉭 Kusu 𒉭
13:01 Feudal Age
16:53 Castle Age
15:15 Double-Bit Axe
16:23 Horse Collar
19:52 Wheelbarrow
19:52 Bow Saw
22:39 Chemistry
22:19 Heavy Plow
22:34 Fletching
22:44 Padded Archer Armor
22:55 Padded Archer Armor
24:06 Ballistics
25:51 Hand Cart
30:35 Imperial Age
28:55 Elite Skirmisher
30:17 Bodkin Arrow
30:38 Leather Archer Armor
30:23 Murder Holes
30:39 Caravan
35:10 Siege Engineers
37:10 Two-Man Saw
37:11 Houfnice
38:33 Bracer
39:03 Ring Archer Armor
39:10 Ring Archer Armor
38:49 Loom
47:27 Forging
47:18 Scale Mail Armor
Intelwhite
1:29 Loom
13:40 Feudal Age
14:56 Double-Bit Axe
15:09 Horse Collar
18:27 Castle Age
17:21 Forging
18:14 Man-at-Arms
19:03 Scale Mail Armor
20:18 Wheelbarrow
21:37 Bow Saw
21:13 Long Swordsman
26:27 Heavy Plow
26:31 Gold Mining
28:48 Gold Shaft Mining
30:14 Squires
30:53 Iron Casting
30:34 Chain Mail Armor
31:33 Ballistics
31:41 Hand Cart
32:19 Ballistas
33:41 Stone Mining
35:15 Caravan
38:47 Imperial Age
36:52 Fishing Lines
38:52 Heavy Scorpion
39:51 Legionary
41:46 Chemistry
40:53 Siege Engineers
40:50 Pikeman
42:54 Halberdier
Eladoking123
0:50 Loom
12:45 Feudal Age
16:21 Castle Age
15:30 Scale Barding Armor
17:50 Double-Bit Axe
19:02 Forging
19:46 Bow Saw
21:20 Bloodlines
25:14 Horse Collar
28:10 Husbandry
29:58 Wheelbarrow
29:26 Heavy Plow
34:06 Hand Cart
34:56 Gold Mining
35:30 Treadmill Crane
38:43 Imperial Age
37:35 Ballistics
40:44 Crop Rotation
40:18 Siege Elephant
41:06 Heavy Scorpion
42:51 Chemistry
46:26 Town Watch
Connection lost

Rejoining the realm…

Still unreachable

The connection could not be restored.

Session expired

The server has moved on; the page needs a fresh start.